 Dungeon Crawl Stone Soup version 0.30-a0-509-gd016549fea (webtiles) character file.

Game seed: 12371517600135082427

14 pesado the Shooter (level 2, 24/24 HPs)
             Began as a Draconian Hunter on Dec 22, 2022.
             Quit the game on level 1 of the Dungeon.
             The game lasted 00:00:30 (538 turns).

pesado the Shooter (Draconian Hunter)                Turns: 538, Time: 00:00:30

Health: 24/24      AC:  4    Str: 13    XL:     2   Next: 27%
Magic:  2/2        EV: 12    Int:  9    God:
Gold:   67         SH:  0    Dex: 14    Spells: 1/1 levels left

rFire   . . .      SeeInvis .    a - +0 shortbow
rCold   . . .      Faith    .    (shield currently unavailable)
rNeg    . . .      Spirit   .    (body armour unavailable)
rPois   .          Reflect  .    (helmet restricted)
rElec   .          Harm     .    (no cloak)
rCorr   .          Rampage  .    (no gloves)
Will    .....                    (no boots)
Stlth   ++........               (no amulet)
HPRegen 0.24/turn                (no ring)
MPRegen 0.08/turn                (no ring)

@: no status effects
A: AC +4, unfitting armour, cold-blooded
a: no special abilities


You were on level 1 of the Dungeon.
You visited 1 branch of the dungeon, and saw 1 of its levels.

You collected 67 gold pieces.

Inventory:

Hand Weapons
 a - a +0 shortbow (weapon)
Scrolls
 b - a scroll of immolation
 f - a scroll of enchant armour {unknown}
 g - a scroll of identify {unknown}
Potions
 c - 2 potions of lignification {unknown}
 d - a potion of curing {unknown}
 e - 2 potions of brilliance {unknown}
 h - a potion of haste {unknown}


   Skills:
 + Level 2.2 Fighting
 + Level 4.1 Ranged Weapons
 + Level 1.7 Dodging
 + Level 0.9 Stealth


You had one spell level left.
You didn't know any spells.
Your spell library was empty.

Dungeon Overview and Level Annotations

Branches:
Dungeon (1/15)

Altars:


Innate Abilities, Weirdness & Mutations

Your plain brown scales are hard. (AC +4)
You cannot fit into any form of body armour.
You are cold-blooded and may be slowed by cold attacks.


Message History

No target in view!
No target in view!
A quokka is nearby!
A quokka is nearby!
You shoot an arrow. The arrow closely misses the quokka.
You shoot an arrow. The arrow hits the quokka.
The quokka is moderately wounded.
The quokka bites you.
You shoot an arrow. The arrow hits the quokka.
You kill the quokka!
There is a faded altar of an unknown god here.
You see here a +0 hand axe.
You open the door.
A bat comes into view.
Found 7 gold pieces.
A bat is nearby!
A bat is nearby!
You shoot an arrow.
The arrow hits the bat but does no damage.
You shoot an arrow. The arrow hits the bat.
The bat is severely wounded.
The bat hits you but does no damage.
You shoot an arrow. The arrow hits the bat.
You kill the bat!
No target in view!
No target in view!
A bat comes into view.
There is an open door here.
A bat is nearby!
You shoot an arrow. The arrow hits the bat.
The bat is severely wounded.
The bat closely misses you.
You shoot an arrow. The arrow hits the bat.
You kill the bat!
No target in view!
No target in view!
No target in view!
No target in view!
No target in view!
Are you sure you want to abandon this character and quit the game? (Confirm with "yes".)

#.#.# #.....##
#######
#...#####.....##
.$.....
###....##.......
.......
####.##.......
.......
#.###+##...
....... #.#
#.##... .......
#.# #.##...
......†#######.#
#.##...
.......@.......#
#..'...
.......#########
####... .......
###. ....... #.
####### #. ##


There were no monsters in sight!

Vanquished Creatures
  3 bats (D:1)
  2 endoplasms (D:1)
  2 hobgoblins (D:1)
  A quokka (D:1)
  A ball python (D:1)
  A kobold (D:1)
  3 rats (D:1)
13 creatures vanquished.

Notes
Turn   | Place    | Note
-------+----------+-------------------------------------------
     0 | D:1      | pesado the Draconian Hunter began the quest for the Orb.
     0 | D:1      | Reached XP level 1. HP: 17/17 MP: 1/1
   199 | D:1      | Reached skill level 4 in Ranged Weapons
   201 | D:1      | Reached XP level 2. HP: 14/24 MP: 2/2
   386 | D:1      | Found a faded altar of an unknown god.
   538 | D:1      | Quit the game

Illustrated notes

Levels and vault maps discovered:
D:1:      matt_arrival_grand_opening, layout_basic, basic_ecumenical_altar,
          supply_closet_lemuel, palyth_stone_intersect, minmay_hedge_maze

Skill      XL: |  1 |
---------------+----+-----
Ranged Weapons | 4 |  4.1
Fighting       | |  2.2
Dodging        | |  1.7
Stealth        | |  0.9

Action                   || total
-------------------------++-------
 Fire: Shortbow          ||    34
Armor: Skin              ||     5
Dodge: Dodged            ||     7

Table legend: (Time is in decaauts)
 A = Elapsed time spent in this place.
 B = Non-inter-level travel time spent in this place.
 C = Inter-level travel time spent in this place.
 D = Time resting spent in this place.
 E = Time spent auto-exploring this place.
 F = Levels seen in this place.
 G = Mean time per level.
                   A        B        C        D        E       F      G
               +--------+--------+--------+--------+--------+-----+--------+
         Total |    548 |    548 |      0 |     38 |    430 |   1 |  548.0 |
       Dungeon |    548 |    548 |      0 |     38 |    430 |   1 |  548.0 |
               +--------+--------+--------+--------+--------+-----+--------+

Top non-repeatable levels by time:
     D:1: 548 daAuts
